 Dungeon Crawl Stone Soup version 0.19-a0-1608-g4cf22de (webtiles) character file.

339 graymark the Magician (level 6, -1/41 HPs)
             Began as a Demonspawn Wizard on Sept 16, 2016.
             Was an Initiate of Vehumet.
             Killed by nerve-wracking pain
             ... invoked by Menkaure
              (5 damage)
             ... on level 4 of the Dungeon on Sept 17, 2016.
             The game lasted 00:15:37 (4385 turns).

graymark the Magician (Demonspawn Wizard)           Turns: 4385, Time: 00:15:38

Health: -1/41      AC: 12    Str:  7    XL:     6   Next: 29%
Magic:  3/12       EV: 13    Int: 21    God:    Vehumet [......]
Gold:   106        SH:  0    Dex: 12    Spells: 3 memorised, 8 levels left

rFire  . . .     SeeInvis +     l - +0 dagger (protect)
rCold  . . .     Gourm    .     a - +0 robe
rNeg   . . .     Faith    .     (no shield)
rPois  .         Spirit   .     b - +2 hat
rElec  .         Dismiss  .     (no cloak)
rCorr  .         Reflect  .     (no gloves)
MR     .....     Harm     .     k - +0 pair of boots
Stlth  ++........               (no amulet)
                                q - ring of see invisible
                                h - +4 ring of slaying

@: no status effects
A: yellow scales 1, foul stench 1, rot immunity
a: Renounce Religion


You were on level 4 of the Dungeon.
You worshipped Vehumet.
Vehumet was noncommittal.
You were not hungry.

You visited 1 branch of the dungeon, and saw 4 of its levels.

You collected 106 gold pieces.

Inventory:

Hand Weapons
 i - a +0 dagger
 l - a +0 dagger of protection (weapon)
Missiles
 f - 2 throwing nets (quivered)
 j - 83 arrows
Armour
 a - a +0 robe (worn)
 b - a +2 hat (worn)
 k - a +0 pair of boots (worn)
Jewellery
 h - a +4 ring of slaying (left hand)
 q - a ring of see invisible (right hand)
Scrolls
 n - a scroll of teleportation {unknown}
 p - a scroll of remove curse
 t - a scroll of recharging {unknown}
 v - a scroll of magic mapping {unknown}
 y - a scroll of amnesia
 z - a scroll of fog
Potions
 e - a potion of flight {unknown}
 g - a potion of cancellation
 s - a potion of agility
 u - a potion of lignification {unknown}
 w - 2 potions of might {unknown}
 x - a potion of brilliance
 B - a potion of haste {unknown}
 D - a potion of curing {unknown}
Books
 c - a book of Minor Magic

   Spells                             Type                      Level
   a - Magic Dart                     Conjuration                  1
   b - Blink                          Translocation                2
   c - Call Imp                       Summoning                    2
   d - Repel Missiles                 Charms/Air                   2
   e - Slow                           Hexes                        2
   f - Conjure Flame                  Conjuration/Fire             3
   g - Mephitic Cloud                 Conjuration/Poison/Air       3
 r - a book of Changes

   Spells                             Type                      Level
   a - Beastly Appendage              Transmutation                1
   b - Sticks to Snakes               Transmutation                2
   c - Spider Form                    Transmutation/Poison         3
   d - Ice Form                       Ice/Transmutation            4
   e - Blade Hands                    Transmutation                5
Comestibles
 d - 5 bread rations
 m - 4 fruits
 o - 2 meat rations
 A - a royal jelly
 C - a beef jerky
 E - 2 chunks of flesh


   Skills:
 + Level 3.4 Dodging
 + Level 3.6 Stealth
 + Level 4.0 Spellcasting
 + Level 3.3 Conjurations
   Level 1.0 Summonings
 - Level 0.8 Translocations


You had 8 spell levels left.
You knew the following spells:

 Your Spells              Type           Power        Failure   Level  Hunger
a - Magic Dart            Conj           ###.         3%          1    None
b - Blink                 Tloc           N/A          14%         2    #......
c - Sticks to Snakes      Tmut           #.......     17%         2    #......


Dungeon Overview and Level Annotations

Branches:
Dungeon (4/15)
 Temple: D:4-7

Altars:
Cheibriados
Elyvilon
Fedhas
Hepliaklqana
Makhleb
Qazlal
Vehumet

Annotations:
D:4 exclusion: slave, Menkaure


Innate Abilities, Weirdness & Mutations

You are partially covered in yellow scales. (AC +2)
You may emit foul miasma when damaged in melee.
You are immune to rotting.


Message History

The magic dart hits Menkaure.
Menkaure is heavily damaged.
Casting: Magic Dart
Confirm with . or Enter, or press ? or * to list all spells.
You create a snake!
You now have 83 arrows.
You swap places.
Menkaure points at you and mumbles some strange words.
Your ball python writhes in agony!
Your ball python bites Menkaure but does no damage.
Your ball python grabs Menkaure.
Your ball python constricts Menkaure.
Menkaure hits your ball python!
Your ball python dies!
Menkaure casts a spell at you. Pain shoots through your body!
* * * LOW HITPOINT WARNING * * *
Menkaure casts a spell at you.
You barely resist. Menkaure casts a spell at you.
Pain shoots through your body!
You die...

###.#.## ##.## ###########
####.# #.......... ..##.#
########.######### ..##.###
#...M....# #......#
#M############ ..##.#.#
##.###........# .......###
##...##.######<#
.........#####..@..#.# #.#
.....................# #.#
...#...#.#####.<...### #.#
...#..............## ## #.#
.###.....#####...........##.#
.# ##.#..# #.#########.##.#
.# #.#..#####.# #.##.# .##
#..........# #.##.#
..###....####### #####.##.#


You could see Menkaure.

Vanquished Creatures
  An ogre (D:4)
  An orc wizard (D:3)
  Robin (D:4)
  3 gnolls (D:4)
  9 adders
  An ooze (D:4)
  An adder skeleton (D:4)
  6 worms
  A dart slug (D:3)
  4 leopard geckos
  4 orcs
  3 giant cockroaches
  7 goblins
  8 hobgoblins
  5 jackals
  A quokka (D:4)
  9 bats
  4 frilled lizards
  7 kobolds
  7 rats
83 creatures vanquished.

Notes
Turn   | Place    | Note
-------+----------+-------------------------------------------
     0 | D:1      | graymark the Demonspawn Wizard began the quest for the Orb.
     0 | D:1      | Reached XP level 1. HP: 13/13 MP: 4/4
   630 | D:1      | Gained mutation: You are immune to rotting. [demonic ancestry]
   630 | D:1      | Reached XP level 2. HP: 19/19 MP: 4/6
  1312 | D:2      | Reached XP level 3. HP: 21/24 MP: 1/7
  1316 | D:2      | Learned a level 2 spell: Blink
  1572 | D:1      | Upgraded the game from 0.19-a0-1587-gaef70b6 to 0.19-a0-1608-g4cf22de
  1837 | D:1      | Learned a level 2 spell: Sticks to Snakes
  2122 | D:2      | Gained mutation: You may emit foul miasma when damaged in melee. [demonic ancestry]
  2122 | D:2      | Reached XP level 4. HP: 29/30 MP: 2/9
  2622 | D:3      | Found a snail-covered altar of Cheibriados.
  2955 | D:3      | Gained mutation: You are partially covered in yellow scales. (AC +2) [demonic ancestry]
  2955 | D:3      | Reached XP level 5. HP: 35/35 MP: 6/10
  3413 | D:4      | Noticed an ogre
  3430 | D:4      | Killed an ogre
  3577 | D:4      | Reached XP level 6. HP: 36/41 MP: 2/11
  3725 | D:4      | Found a stormy altar of Qazlal.
  3734 | D:4      | Found a snail-covered altar of Cheibriados.
  3752 | D:4      | Noticed Robin
  3807 | D:4      | Killed Robin
  3914 | D:4      | Found a radiant altar of Vehumet.
  3915 | D:4      | Found a blossoming altar of Fedhas.
  3948 | D:4      | Found a burning altar of Makhleb.
  3948 | D:4      | Found a hazy altar of Hepliaklqana.
  3950 | D:4      | Found a white marble altar of Elyvilon.
  3977 | D:4      | Became a worshipper of Vehumet
  4045 | D:4      | Noticed a slave
  4179 | D:4      | Reached skill level 4 in Spellcasting
  4363 | D:4      | Noticed Menkaure
  4376 | D:4      | HP: 2/41 [Menkaure/nerve-wracking pain (9)]
  4385 | D:4      | Killed from afar by Menkaure

Vault maps used:
D:1:      dpeg_arrival_triangle_fractal
D:3:      kennysheep_slug_shrine
D:4:      grunt_temple_overflow_open, uniq_robin, uniq_pikel, uniq_menkaure

Skill      XL: |  1  2  3  4  5  6 |
---------------+-------------------+-----
Dodging        | 2 3 |  3.4
Stealth        | 2 3 |  3.6
Conjurations   | 2 3 |  3.3
Spellcasting   | 4 |  4.0
Summonings     | |  1.0
Translocations | |  0.8

Action                   |  1- 3 |  4- 6 || total
-------------------------+-------+-------++-------
Melee: Dagger            |    23 |    84 ||   107
Throw: Throwing net      |     1 |       ||     1
 Cast: Magic Dart        |    87 |   150 ||   237
       Blink             |       |     1 ||     1
       Sticks to Snakes  |       |     2 ||     2
  Use: Scroll            |     5 |     4 ||     9
 Stab: Sleeping          |     1 |     1 ||     2
  Eat: Chunk             |     3 |     8 ||    11
Armor: Robe              |    13 |    30 ||    43
Dodge: Dodged            |    20 |    62 ||    82
